 Dungeon Crawl Stone Soup version 0.29-a0-542-g075992c915 (webtiles) character file.

Game seed: 16455969100147357481

137 CryoSword the Bolt Thrower (level 5, -16/30 HPs)
             Began as a Tengu Hunter on June 3, 2022.
             Engulfed by a fire crab (shapeshifter)'s flame (26 damage)
             ... on level 3 of the Dungeon.
             The game lasted 00:03:08 (2355 turns).

CryoSword the Bolt Thrower (Tengu Hunter)           Turns: 2355, Time: 00:03:08

Health: -16/30     AC:  4    Str: 12    XL:     5   Next: 20%
Magic:  6/6        EV: 14    Int:  9    God:
Gold:   79         SH:  0    Dex: 19    Spells: 4/4 levels left

rFire   . . .      SeeInvis +   a - +1 hand crossbow (chaos)
rCold   . . .      Faith    .   (no shield)
rNeg    . . .      Spirit   .   b - +1 leather armour
rPois   .          Reflect  .   (helmet restricted)
rElec   .          Harm     .   (no cloak)
rCorr   .          Rampage  .   (no gloves)
Will    .....                   (boots unavailable)
Stlth   ++........              (no amulet)
HPRegen 0.10/turn               k - ring of see invisible
MPRegen 0.10/turn               (no ring)

@: flying quickly and evasively, quick
A: beak, talons 3, nimble flight
a: no special abilities


You were on level 3 of the Dungeon.
You visited 1 branch of the dungeon, and saw 3 of its levels.

You collected 109 gold pieces.
You spent 30 gold pieces at shops.

Inventory:

Hand Weapons
 a - a +1 hand crossbow of chaos (weapon)
 o - a +3 whip of freezing
   (You found it on level 2 of the Dungeon)
Missiles
 j - 11 poisoned darts
 r - 2 boomerangs
Armour
 b - a +1 leather armour (worn)
Jewellery
 k - a ring of see invisible (left hand)
   (You found it on level 2 of the Dungeon)
Wands
 p - a wand of iceblast (14)
   (You found it on level 2 of the Dungeon)
Scrolls
 c - a scroll of immolation {!r}
 f - 2 scrolls of fear
 i - a scroll of identify {unknown}
 l - a scroll of vulnerability {unknown}
 m - a scroll of amnesia {unknown}
Potions
 d - a potion of mutation {unknown}
 e - a potion of brilliance {unknown}
 g - a potion of flight {unknown}
 h - 2 potions of lignification {!q}
 n - 2 potions of heal wounds {unknown}
 q - a potion of attraction {unknown}
 s - a potion of degeneration {unknown}


   Skills:
 + Level 2.0 Fighting
 * Level 7.0 Crossbows
 + Level 2.1 Dodging
 - Level 1.0 Stealth


You had 4 spell levels left.
You didn't know any spells.
Your spell library contained the following spells:

 Spells                   Type           Power      Damage    Failure   Level
 Beastly Appendage        Tmut           0%         N/A       45%         1
 Wereblood                Tmut           0%         N/A       61%         2
 Gell's Gravitas          Tloc           0%         N/A       83%         3
 Lesser Beckoning         Tloc           0%         N/A       83%         3
 Spider Form              Tmut/Pois      0%         N/A       83%         3
 Teleport Other           Tloc           0%         N/A       83%         3


Dungeon Overview and Level Annotations

Branches:
Dungeon (3/15)

Altars:
Ru
Vehumet

Shops:
D:2 !

Annotations:
D:3 exclusion: statue


Innate Abilities, Weirdness & Mutations

You have a beak for a mouth.
You have claws for feet.
Your magical nature lets you fly swiftly and evasively.


Message History

Could not explore, unopened door.
Could not explore, unopened door.
As you open the door, it creaks loudly!
Found 6 poisoned darts.
No target in view!
There is an open door here.
j - 11 poisoned darts (gained 6) Done exploring.
Done exploring.
There's nothing to open nearby.
There is an open door here.
You open the door.
There is an open door here.
There is a stone staircase leading down here.
You climb downwards.
There is a stone staircase leading up here.
A gnoll comes into view. It is wielding a +0 club.
A gnoll is nearby!
A gnoll is nearby!
You shoot a bolt. The bolt hits the gnoll.
The gnoll shouts!
A gnoll comes into view. It is wielding a +0 halberd.
A hobgoblin comes into view.
You shoot a bolt. The gnoll shouts!
The hobgoblin shouts!
The bolt hits the hobgoblin!
You kill the hobgoblin!
You shoot a bolt. The bolt closely misses the gnoll.
A gnoll comes into view. It is wielding a +4 spear.
You shoot a bolt. The gnoll shouts!
The bolt hits the gnoll.
There is a stone staircase leading up here.
You climb upwards.
There is a stone staircase leading down here.
There is an open door here.
You see here a +0 whip.
There is a stone staircase leading down here.
You climb downwards.
There is a stone staircase leading up here.
Found an escape hatch in the floor.
There is an escape hatch in the floor here.
Found 12 stones.
You now have 62 gold pieces (gained 11).
You now have 71 gold pieces (gained 9).
You now have 79 gold pieces (gained 8).
You see here 12 stones.
A charred statue comes into view.
Found a scroll labelled RAUDGHO KUNETS.
Found a radiant altar of Vehumet.
You see here a wand of iceblast (9).
You shoot a bolt. The bolt hits the charred statue.
The charred statue's magic leaks into the air.
You shoot a bolt. The bolt hits the charred statue.
The charred statue's magic is no longer disrupted.
You shoot a bolt.
The bolt hits the charred statue but does no damage.
You shoot a bolt.
The bolt hits the charred statue but does no damage.
The charred statue gestures at you. The puff of flame hits you!
An endoplasm comes into view.
An endoplasm is nearby!
An endoplasm is nearby!
You shoot a bolt. The bolt barely misses the endoplasm.
The endoplasm quivers.
You shoot a bolt.
The bolt hits the endoplasm but does no damage.
You shoot a bolt. The bolt hits the endoplasm!
You feel better.
You kill the endoplasm!
No target in view!
No target in view!
m - a scroll labelled WOUH LUMOSESS An orc comes into view.
It is wielding a +0 hand axe.
An orc is nearby!
An orc is nearby!
An orc is nearby!
You shoot a bolt. The bolt hits the orc.
The orc shouts!
You shoot a bolt. The bolt hits the orc!
You kill the orc!
No target in view!
No target in view!
Key pressed, stopping explore.
Key pressed, stopping explore.
r - 2 boomerangs You see here a +0 hand axe.
Could not explore, unopened door.
Could not explore, unopened door.
You open the door.
An orc wizard and a bat come into view.
Found a sacrificial altar of Ru.
There are monsters nearby!
There are monsters nearby!
You shoot a bolt. The bolt hits the orc wizard.
You shoot a bolt. The bolt hits the orc wizard.
You shoot a bolt.
The bolt hits the orc wizard but does no damage.
The orc wizard flickers and vanishes for a moment.
The orc wizard closely misses you.
You shoot a bolt. The bolt closely misses the orc wizard.
The orc wizard hits you with a +0 dagger.
You shoot a bolt. The bolt closely misses the orc wizard.
The orc wizard hits you with a +0 dagger.
The orc wizard completely misses you.
Unknown command.
You shoot a bolt. The bolt hits the orc wizard.
The orc wizard hits you but does no damage.
You shoot a bolt. The bolt closely misses the orc wizard.
The orc wizard hits you with a +0 dagger.
You shoot a bolt. The bolt closely misses the orc wizard.
The orc wizard hits you with a +0 dagger.
You shoot a bolt. The bolt barely misses the orc wizard.
The orc wizard hits you with a +0 dagger.
You are too injured to fight recklessly!
You are too injured to fight recklessly!
Shoot: a) +1 hand crossbow (chaos)
Aim: an orc wizard, wielding a +0 dagger and wearing a +0 robe (almost dead, slightly transparent, mute, 61% to hit)
You shoot a bolt. The bolt hits the orc wizard.
You kill the orc wizard!
The bat closely misses you. The bat hits you but does no damage.
Your Crossbows skill increases to level 7!
You have reached level 5!
Your magical nature develops, letting you fly swiftly and evasively.
Shoot: a) +1 hand crossbow (chaos)
Aim: a bat (55% to hit)
You shoot a bolt. The bolt closely misses the bat.
The bat hits you but does no damage.
Shoot: a) +1 hand crossbow (chaos)
Aim: a bat (55% to hit)
You shoot a bolt. The bolt hits the bat!
You feel better.
You kill the bat!
There is an open door here.
Things that are here:
a +0 dagger; a +0 robe; an orc corpse An adder comes into view.
The adder hisses angrily.
You shoot a bolt.
The bolt hits the adder but does no damage.
The adder changes into a shapeshifter!
The shapeshifter changes into a raiju!
The raiju changes into a fire crab!
You shoot a bolt. The bolt hits the fire crab.
You shoot a bolt. The bolt barely misses the fire crab.
The fire crab breathes flames at you. The blast of flame misses you.
You are engulfed in blazing flames.
Ouch! That really hurt!
* * * LOW HITPOINT WARNING * * *
You are engulfed in blazing flames.
Ouch! That really hurt!
You die...

##........# ###
#..#####.. ##.## #
#########..####.#
#.......##......#
#.......##)..##.#
#...............#
######.......°####
#......†#@°○#
#.......#°t°#
#.......#°°°°..
#.......###°°.##
........## ......
###.####.. ..#...#
#. #..# ..#...#
#######+


You could see a fire crab shaped shifter.

Vanquished Creatures
  An orc wizard (D:3)
  7 adders (D:2)
  2 dart slugs
  An orc (D:3)
  8 ball pythons (D:2)
  3 endoplasms
  4 goblins
  6 hobgoblins
  3 jackals (D:2)
  A quokka (D:1)
  5 bats
  3 frilled lizards (D:2)
  5 kobolds
  4 rats
53 creatures vanquished.

Notes
Turn   | Place    | Note
-------+----------+-------------------------------------------
     0 | D:1      | CryoSword the Tengu Hunter began the quest for the Orb.
     0 | D:1      | Reached XP level 1. HP: 12/12 MP: 2/2
   451 | D:1      | Reached XP level 2. HP: 17/17 MP: 3/3
   605 | D:1      | Reached skill level 5 in Crossbows
  1053 | D:2      | Reached XP level 3. HP: 21/21 MP: 4/4
  1255 | D:2      | Reached skill level 6 in Crossbows
  1255 | D:2      | Reached XP level 4. HP: 12/26 MP: 5/5
  1729 | D:2      | Found Bapriqoh's Distillery.
  1737 | D:2      | Bought a potion of lignification for 30 gold pieces
  1927 | D:2      | Found a faded altar of an unknown god.
  2157 | D:3      | Found a radiant altar of Vehumet.
  2157 | D:3      | Noticed a charred statue
  2255 | D:3      | Found a sacrificial altar of Ru.
  2266 | D:3      | Reached skill level 7 in Crossbows
  2266 | D:3      | Gained mutation: Your magical nature lets you fly swiftly
                  | and evasively. [Tengu growth]
  2266 | D:3      | Reached XP level 5. HP: 20/30 MP: 6/6
  2351 | D:3      | Noticed a shapeshifter
  2351 | D:3      | an adder changed into a shapeshifter
  2351 | D:3      | Noticed a raiju
  2351 | D:3      | a shapeshifter changed into a raiju
  2351 | D:3      | Noticed a fire crab
  2351 | D:3      | a raiju changed into a fire crab
  2355 | D:3      | Engulfed by a fire crab (shapeshifter)'s flame

Illustrated notes

Levels and vault maps discovered:
D:1:      lordsloth_arrival_two_stooges, layout_basic
D:2:      layout_basic, serial_shops, nicolae_shop_advertising_works
          [nicolae_subvault_shop_adworks], basic_ecumenical_altar,
          minmay_snake_closets
D:3:      layout_basic, vehumet_statue, nicolae_ru_great_annihilating_truth,
          uniq_grinder

Skill      XL: |  1  2  3  4 |
---------------+-------------+-----
Crossbows      | 5 6 7 |  7.0
Fighting       | |  2.0
Dodging        | |  2.1
Stealth        | |  1.0

Action                   |  1- 3 |  4- 6 || total
-------------------------+-------+-------++-------
 Fire: Hand crossbow     |    84 |    66 ||   150
  Use: Scroll            |       |     8 ||     8
Armor: Leather armour    |    10 |    14 ||    24
Dodge: Dodged            |    29 |    19 ||    48

Table legend: (Time is in decaauts)
 A = Elapsed time spent in this place.
 B = Non-inter-level travel time spent in this place.
 C = Inter-level travel time spent in this place.
 D = Time resting spent in this place.
 E = Time spent auto-exploring this place.
 F = Levels seen in this place.
 G = Mean time per level.
                   A        B        C        D        E       F      G
               +--------+--------+--------+--------+--------+-----+--------+
         Total |   2391 |   2326 |     65 |      0 |   1972 |   3 |  797.0 |
       Dungeon |   2391 |   2326 |     65 |      0 |   1972 |   3 |  797.0 |
               +--------+--------+--------+--------+--------+-----+--------+

Top non-repeatable levels by time:
     D:2: 1276 daAuts
     D:1: 861 daAuts
     D:3: 253 daAuts
